 Dungeon Crawl Stone Soup version 0.28.0 (webtiles) character file.

Game seed: 9962625753539391741

38 horus123 the Magician (level 3, -2/24 HPs)
             Began as a Demonspawn Hedge Wizard on Feb 6, 2022.
             Slain by a gnoll (3 damage)
             ... on level 2 of the Dungeon.
             The game lasted 00:04:36 (1590 turns).

horus123 the Magician (Demonspawn Hedge Wizard)     Turns: 1590, Time: 00:04:36

Health: -2/24      AC:  7    Str: 10    XL:     3   Next: 25%
Magic:  8/8        EV:  6    Int: 17    God:
Gold:   25         SH:  0    Dex: 12    Spells: 7/10 levels left

rFire   . . .      SeeInvis .   d - +0 short sword
rCold   . . .      Faith    .   (no shield)
rNeg    . . .      Spirit   .   b - +0 robe
rPois   .          Reflect  .   f - +2 helmet
rElec   .          Harm     .   (no cloak)
rCorr   .          Rampage  .   (no gloves)
Will    .....                   (no boots)
Stlth   ++........              (no amulet)
HPRegen 0.08/turn               (no ring)
MPRegen 0.11/turn               (no ring)

@: held
A: hooves 1, thin metallic scales 1
a: no special abilities


You were on level 2 of the Dungeon.
You visited 1 branch of the dungeon, and saw 2 of its levels.

You collected 25 gold pieces.

Inventory:

Hand Weapons
 d - a +0 short sword (weapon)
Armour
 b - a +0 robe (worn)
 c - a +0 hat
 e - a +0 helmet
 f - a +2 helmet (worn)
Scrolls
 a - a scroll of enchant armour {unknown}
 g - a scroll of enchant weapon {unknown}
Potions
 h - a potion of brilliance {unknown}


   Skills:
 - Level 1.7 Dodging
 - Level 1.7 Stealth
 - Level 4.1 Spellcasting
 - Level 1.0 Conjurations
 + Level 1.2 Summonings
 - Level 0.8 Translocations


You had 7 spell levels left.
You knew the following spells:

 Your Spells              Type           Power      Damage    Failure   Level
a - Magic Dart            Conj           24%        1d4       11%         1
b - Call Imp              Summ           7%         N/A       14%         2

Your spell library contained the following spells:

 Spells                   Type           Power      Damage    Failure   Level
 Slow                     Hex            12%        N/A       16%         1
 Sting                    Tmut/Pois      12%        1d3       16%         1
 Blink                    Tloc           12%        N/A       17%         2
 Conjure Flame            Conj/Fire      5%         6-21      36%         3
 Mephitic Cloud           Conj/Pois/Air  4%         N/A       38%         3
 Dispel Undead            Necr           3%         3d7       83%         4
 Eringya's Noxious Bog    Tmut/Pois      1%         N/A       100%        6


Dungeon Overview and Level Annotations

Branches:
Dungeon (2/15)

Altars:


Innate Abilities, Weirdness & Mutations

You have large cloven feet.
You are partially covered in thin metallic scales. (AC +2)


Message History

A nearby plant withers and dies.
There is a stone staircase leading down here.
You climb downwards.
The gnoll shouts! x2
The gnoll throws a throwing net.
The throwing net hits you.
You become entangled in the net!
The bat hits you but does no damage.
Found a hand axe, a scroll labelled PAGOHA JIM and a short sword.
Found two stone staircases leading down.
There is a stone staircase leading up here.
You see here a throwing net.
You struggle against the net.
The bat barely misses you. The bat hits you but does no damage.
You struggle against the net.
The bat hits you but does no damage.
The gnoll hits you from afar with a +0 spear. x2
You struggle against the net.
The gnoll barely misses you. The gnoll hits you but does no damage.
The bat barely misses you.
You rip the net and break free!
The bat hits you. The gnoll closely misses you.
The gnoll shouts!
The bat closely misses you. The gnoll hits you but does no damage.
The gnoll completely misses you. The bat hits you but does no damage.
The gnoll barely misses you. The gnoll hits you but does no damage.
The gnoll throws a throwing net.
The throwing net barely misses you.
There is a stone staircase leading up, spattered with blood here.
The bat completely misses you.
The gnoll hits you from afar with a +0 spear.
The gnoll hits you but does no damage.
The gnoll throws a throwing net.
The throwing net hits you.
You become entangled in the net!
You stop ascending the stairs.
Unknown command.
You tear a large gash into the net.
The bat hits you. The gnoll hits you but does no damage.
The gnoll hits you from afar with a +0 spear.
The gnoll hits you from afar with a +0 halberd!
* * * LOW HITPOINT WARNING * * *
You struggle against the net.
The bat closely misses you.
The gnoll hits you from afar with a +0 spear.
* * * LOW HITPOINT WARNING * * *
The gnoll hits you from afar with a +0 spear.
You die...

##########
#........#
###........#
.......gb..#
#..)g...>#
#...g.@.(#
#....^...#
#........#
...........#
..>?.......#
#..#.......#
##.#......)#
# ##.######


You could see 3 gnolls and a bat.

Vanquished Creatures
  A gnoll (D:1)
  2 dart slugs (D:1)
  4 bats (D:1)
  2 endoplasms (D:1)
  A giant cockroach (D:1)
  2 goblins (D:1)
  4 hobgoblins (D:1)
  2 kobolds (D:1)
  A quokka (D:1)
  2 ball pythons (D:1)
  A rat (D:1)
22 creatures vanquished.

Vanquished Creatures (others)
  A plant (D:1)
1 creature vanquished.

Grand Total: 23 creatures vanquished

Notes
Turn   | Place    | Note
-------+----------+-------------------------------------------
     0 | D:1      | horus123 the Demonspawn Hedge Wizard began the quest for
                  | the Orb.
     0 | D:1      | Reached XP level 1. HP: 13/13 MP: 4/4
   613 | D:1      | Got Gecipt's Grimoire of Mutagenic Unholy Rites
   652 | D:1      | Gained mutation: You have large cloven feet. [demonic
                  | ancestry]
   652 | D:1      | Reached XP level 2. HP: 17/19 MP: 0/6
   977 | D:1      | Learned a level 2 spell: Call Imp
  1072 | D:1      | Reached skill level 4 in Spellcasting
  1072 | D:1      | Gained mutation: You are partially covered in thin metallic
                  | scales. (AC +2) [demonic ancestry]
  1072 | D:1      | Reached XP level 3. HP: 24/24 MP: 0/8
  1532 | D:2      | Noticed a phantom
  1590 | D:2      | HP: 1/24 [gnoll (4)]
  1590 | D:2      | Slain by a gnoll

Illustrated notes

Levels and vault maps discovered:
D:1:      wander_arrival_fairy_ring, layout_basic,
          minmay_misc_feat_more_columns, hangedman_abyss_or_decor_lesser_grid
D:2:      layout_rooms, basic_altar, patterned_corridor

Skill      XL: |  1  2 |
---------------+-------+-----
Spellcasting   | 4 |  4.1
Dodging        | |  1.7
Stealth        | |  1.7
Conjurations   | |  1.0
Summonings     | |  1.2
Translocations | |  0.8

Action                   || total
-------------------------++-------
Melee: Short sword       ||    27
       Dagger            ||     3
       Kick              ||     4
 Cast: Magic Dart        ||    49
Armor: Robe              ||    23
Dodge: Dodged            ||    39
